[Event "*** Titled Tuesday 3|2 Blitz"]
[Site "Chess.com"]
[Date "2015.10.06"]
[Round "6"]
[White "Jahonas"]
[Black "MFBerna"]
[Result "0-1"]
[WhiteElo "2047"]
[BlackElo "2089"]
[TimeControl "180+2"]
[EndTime "12:15:52 PDT"]
[Termination "MFBerna won by resignation"]

1. e4 e5 2. Nf3 Nc6 3. Bb5 a6 4. Bxc6 dxc6 5. O-O f6 6. Nc3 Bg4 7. h3 Bxf3 8. Qxf3 Bc5 9. d3 Ne7 10. Qh5+ g6 11. Qh6 Qd6 12. Be3 O-O-O 13. Na4 Bxe3 14. Qxe3 Kb8 15. Nc5 f5 16. f3 Qd4 17. Qxd4 Rxd4 18. a4 b6 19. Nb3 Rd6 20. a5 Kb7 21. axb6 cxb6 22. Ra3 Nc8 23. Rfa1 a5 24. Nd2 Re6 25.
Nc4 Rd8 26. Ra4 Re7 27. b4 axb4 28. Rxb4 Rd4 29. Rab1 Kc7 30. exf5 gxf5 31. R4b2 b5 32. Ne3 Rf7 33. Rf1 Kb7 34. Rbb1 Nb6 35. Rbe1 Na4 36.
Rf2 Nc3 37. Nf1 Rd5 38. Ng3 b4 39. Ne2 Nxe2+ 40. Rfxe2 Re7 41. f4 e4 42. dxe4 fxe4 43. Rxe4 Rxe4 44. Rxe4 c5 45. Re7+ Kc6 46. Rxh7 Rd2 47.
f5 Rxc2 48. f6 Rd2 49. f7 Rd8 50. Rg7 Rf8 51. g4 b3 52. Rg8 Rxf7 53. Rc8+ Kd5 54. Rb8 c4 55. g5 Rc7 56. g6 Rg7 57. Rb6 Kc5 0-1

[Event "*** Titled Tuesday 3|2 Blitz"]
[Site "Chess.com"]
[Date "2015.10.06"]
[Round "6"]
[White "dretch"]
[Black "GregShahade"]
[Result "1-0"]
[WhiteElo "2523"]
[BlackElo "2301"]
[TimeControl "180+2"]
[EndTime "12:16:21 PDT"]
[Termination "dretch won by resignation"]

1. d4 Nf6 2. c4 e6 3. Nc3 Bb4 4. Qc2 O-O 5. a3 Bxc3+ 6. Qxc3 b6 7. Nf3 Bb7 8. e3 d6 9. Be2 Nbd7 10. O-O c5 11. b4 Rc8 12. Bb2 Qe7 13. Rfd1 d5 14. dxc5 bxc5 15. b5 Nb6 16. a4 dxc4 17. a5 Nbd5 18. Qxc4 Rfd8 19. Ne5 h6 20. Bf3 Nd7 21. Nxd7 Rxd7 22. h3 Qg5 23. h4 Qg6 24. Kh2 Rdc7 25. Be5 Re7 26. Bg3 Nf6 27. Bxb7 Rxb7 28. a6 Re7 29.
Kg1 Nd5 30. Rac1 Nxe3 31. fxe3 Qxg3 32. Rd3 e5 33. Qe4 c4 34. Rxc4 Rce8 35. Rdc3 g6 36. Rc1 Rd8 37. R4c2 Kg7 38. Rf2 f5 39. Qb4 Red7 40.
Re1 Rd1 41. Rff1 Rxe1 42. Rxe1 Rd7 43. Qc3 Kh7 44. Rb1 f4 45. Qxe5 Rd2 46. Qc7+ Kg8 47. Qc8+ Kh7 48. Qb7+ Kg8 49. Qf3 Qxh4 50. exf4 Qe7 51.
Qb3+ Kh7 52. Qc3 Qe2 53. Qc7+ Kg8 54. Qb8+ Kg7 55. Qxa7+ Kf6 56. Qb6+ Kf5 57. Qc5+ Kg4 58. Qc8+ Kxf4 59. Rf1+ Ke3 60. Qe6+ Kd4 61. Qxe2 Rxe2 62. a7 Ra2 63. b6 Kc5 64. b7 1-0

[Event "*** Titled Tuesday 3|2 Blitz"]
[Site "Chess.com"]
[Date "2015.10.06"]
[Round "6"]
[White "armago"]
[Black "chessloveyou"]
[Result "1-0"]
[WhiteElo "2070"]
[BlackElo "2166"]
[TimeControl "180+2"]
[EndTime "12:16:24 PDT"]
[Termination "armago won by checkmate"]

1. d4 Nf6 2. c4 e6 3. Nc3 Bb4 4. e3 O-O 5. Bd3 d5 6. a3 Bxc3+ 7. bxc3 b6 8. cxd5 Qxd5 9. f3 Ba6 10. Bxa6 Nxa6 11. Qd3 Qb7 12. Ne2 c5 13. O-O cxd4 14.
cxd4 Rfd8 15. e4 Nc5 16. Qc2 Ncd7 17. Bg5 Rac8 18. Qb3 h6 19. Bh4 e5 20. dxe5 Nxe5 21. Bxf6 gxf6 22. Ng3 Rd2 23. Rac1 Rcd8 24. Qe3 Kf8 25.
Nf5 Ke8 26. Qxh6 Ng6 27. Qg7 Qb8 28. Qxf6 Rxg2+ 29. Kxg2 Rd2+ 30. Rf2 Rxf2+ 31. Kxf2 Qxh2+ 32. Ke1 Qg1+ 33. Kd2 Qf2+ 34. Kc3 Qxf3+ 35. Kb2 Qe2+ 36. Rc2 Qb5+ 37. Ka2 Qa4 38. Rc8+ Kd7 39. Rd8+ Kc7 40. Qd6+ Kb7 41. Qd7+ Qxd7 42. Rxd7+ Ka6 43. Rxf7 Ne5 44. Re7 Nd3 45. e5 Kb5 46. e6 Kc6 47. Rd7 Nc5 48. Rd2 Nxe6 49. Rd6+ Kc5 50. Rxe6 Kb5 51. Kb3 a6 52. a4+ Ka5 53. Nd4 b5 54. axb5 axb5 55. Re5 Kb6 56. Rxb5+ Ka6 57. Kb4 Ka7 58. Kc5 Ka6 59.
Rb6+ Ka5 60. Nc2 Ka4 61. Ne3 Ka5 62. Nc4+ Ka4 63. Rb4# 1-0

[Event "*** Titled Tuesday 3|2 Blitz"]
[Site "Chess.com"]
[Date "2015.10.06"]
[Round "6"]
[White "tac49"]
[Black "Viaje"]
[Result "1-0"]
[WhiteElo "2470"]
[BlackElo "2197"]
[TimeControl "180+2"]
[EndTime "12:16:25 PDT"]
[Termination "tac49 won by resignation"]

1. e4 c5 2. Nf3 d6 3. d4 cxd4 4.
Qxd4 a6 5. Bg5 Nc6 6. Qd2 h6 7. Bh4 g5 8. Bg3 Bg7 9. Nc3 Nf6 10. Bc4 Ng4 11. h4 gxh4 12. Rxh4 Nce5 13. Bb3 Qa5 14.
O-O-O Be6 15. Kb1 Rc8 16. Nxe5 Nxe5 17. Nd5 Qxd2 18. Rxd2 Nc4 19. Bxc4 Rxc4 20. b3 Rc6 21. c4 b5 22. Nb4 Rb6 23. Nd5 Rc6 24.
c5 Rxc5 25. Nxe7 d5 26. Nxd5 Bxd5 27. Rxd5 Rxd5 28. exd5 O-O 29. d6 Rd8 30. Re4 Bf8 31. Rd4 f6 32. Kc2 Kf7 33. Kd3 Ke6 34. Re4+ Kd5 35. Rh4 Ke6 36. Ke4 Bxd6 37. Bxd6 Rxd6 38. Ke3 Rc6 39. Rxh6 Rc2 40. g4 Kf7 41. f3 Rxa2 42. Kf4 Kg7 43. Rh1 Rb2 44. Ra1 Rxb3 45. Rxa6 Kg6 46. Rb6 Rb4+ 47. Kg3 Rb1 48. f4 Rb3+ 49.
Kh4 Kg7 50. f5 Rb1 51. Rb7+ Kh6 52. Rf7 Rh1+ 53. Kg3 Kg5 54. Rg7+ Kh6 55. Rg6+ Kh7 56. Rxf6 b4 57. Rb6 Rb1 58. Kf4 b3 59. Kg5 Kg7 60. Rb7+ Kf8 61. Kg6 b2 62. g5 Ke8 63. f6 1-0

[Event "*** Titled Tuesday 3|2 Blitz"]
[Site "Chess.com"]
[Date "2015.10.06"]
[Round "6"]
[White "bugsbunny444"]
[Black "gumersindo"]
[Result "1/2-1/2"]
[WhiteElo "2288"]
[BlackElo "2156"]
[TimeControl "180+2"]
[EndTime "12:16:52 PDT"]
[Termination "Game drawn by repetition"]

1. Nf3 d5 2. c4 c6 3. g3 Nf6 4. Bg2 e6 5. b3 Be7 6. O-O O-O 7.
d4 Nbd7 8. Nc3 b6 9. Qc2 Bb7 10. e4 dxe4 11. Nxe4 c5 12. Nxf6+ Nxf6 13. Rd1 Qc8 14.
Bb2 Be4 15. Qe2 Qb7 16. dxc5 Bxc5 17. Bxf6 gxf6 18. Ne1 Bxg2 19. Nxg2 Rad8 20. Nf4 f5 21.
Qh5 Qe7 22. Qh6 Rxd1+ 23. Rxd1 Rd8 24. Rxd8+ Qxd8 25. Nh5 Bd4 26. Kg2 Qa8+ 27. Kh3 Qd8 28. f3 Qe7 29. Qf4 Qd8 30. g4 fxg4+ 31. fxg4 Bc3 32.
Qe3 Bd4 33. Qe4 a5 34. Qf4 Bc3 35. Qe3 Bd4 36. Qe4 Bf2 37. Qf3 Bd4 38. Qf4 Bc3 39. Qe3 Bd4 40. Qd2 Bf6 41. Qxd8+ Bxd8 42. Kg3 Bc7+ 43.
Kg2 Be5 44. h3 Kf8 45. Kf3 Ke7 46. Ke4 Bh2 47. Kd4 Bg1+ 48. Ke4 Bh2 49. Nf4 Bxf4 50. Kxf4 f6 51. a3 h6 52. b4 axb4 53. axb4 Kd6 54. Ke4 Kc6 55. Kf4 Kd6 56. Ke4 Kc6 57. h4 Kd6 58. Kd4 Kc6 59. Kc3 Kd6 60. Kd4 Kc6 61. Ke3 Kd6 62. Ke4 Kc6 63. Kd4 Kd6 64. Ke3 Ke5 65. Kd3 Kd6 66. Ke4 Kc6 67. Kd4 Kd6 68. Ke4 Kc6 1/2-1/2

[Event "*** Titled Tuesday 3|2 Blitz"]
[Site "Chess.com"]
[Date "2015.10.06"]
[Round "6"]
[White "kikydu96"]
[Black "dabee"]
[Result "1-0"]
[WhiteElo "2287"]
[BlackElo "2348"]
[TimeControl "180+2"]
[EndTime "12:16:54 PDT"]
[Termination "kikydu96 won on time"]

1. e4 e5 2. Nf3 Nc6 3. Nc3 Nf6 4. d4 exd4 5. Nxd4 Bb4 6. Nxc6 bxc6 7. Bd3 d5 8. exd5 cxd5 9. O-O O-O 10. h3 c6 11.
Qf3 Bd6 12. Bf4 Rb8 13. b3 Bxf4 14. Qxf4 Be6 15. Rad1 Qa5 16. Ne2 c5 17. Ng3 Rb4 18. Qg5 h6 19. Qd2 Qxa2 20. Ne2 Qa5 21. Nf4 Qb6 22. Rfe1 a5 23. Qe3 d4 24. Qe5 Re8 25. Nh5 Nxh5 26. Qxh5 a4 27. bxa4 c4 28. Bf5 Rxa4 29.
Bxe6 Rxe6 30. Rxe6 Qxe6 31. Rxd4 Qe1+ 32. Kh2 Qxf2 33.
Qe5 Qxc2 34. Qe8+ Kh7 35. Qxf7 Qg6 36. Qd7 Rb4 37. Rg4 Qf6 38. Qd5 Rb6 39. Qe4+ Kh8 40. Qe8+ Kh7 41. Qe4+ Kg8 42. Qxc4+ Kh8 43. Rf4 Qd6 44.
h4 Rc6 45. Qe4 Rc8 46. g3 Qd2+ 47. Kh3 Qd7+ 48. Qf5 Qc6 49. h5 Qh1+ 50. Kg4 Qd1+ 51. Kh4 Qd8+ 52. Kg4 Ra8 53. Qf7 Qc8+ 54. Kh4 Qd8+ 55.
Kh3 Qd1 56. Rf1 Qe2 57. Kh4 Ra4+ 58. Rf4 Ra8 59. Rf2 1-0

[Event "*** Titled Tuesday 3|2 Blitz"]
[Site "Chess.com"]
[Date "2015.10.06"]
[Round "6"]
[White "Boryboy"]
[Black "Baggio95"]
[Result "1/2-1/2"]
[WhiteElo "2473"]
[BlackElo "2390"]
[TimeControl "180+2"]
[EndTime "12:18:05 PDT"]
[Termination "Game drawn - insufficient material"]

1. d4 Nf6 2. Nf3 c5 3. d5 b5 4.
Bg5 Qb6 5. Bxf6 Qxf6 6. c3 d6 7. e4 a6 8. a4 b4 9. Be2 g5 10. cxb4 cxb4 11. Nbd2 g4 12. e5 dxe5 13. Ne4 Qg6 14.
Nfd2 Bg7 15. h4 f5 16. h5 Qh6 17. Nc5 O-O 18. Qb3 Kh8 19. Qxb4 a5 20. Qa3 Na6 21. Bxa6 Bxa6 22. Ne6 Rfb8 23. Qxe7 Rxb2 24. Rd1 Rc8 25. Ng5 Qf6 26. Nf7+ Kg8 27. Qxf6 Bxf6 28. Nh6+ Kf8 29. Nxf5 Bg5 30. Ne3 Rc3 31. d6 Bxe3 32. fxe3 Rxe3+ 33. Kf2 Re2+ 34. Kg3 Rbxd2 35. Rhf1+ Ke8 36. Rxd2 Rxd2 37. Rf6 Kd7 38. Rf7+ Kc6 39. Rxh7 Rxd6 40. Kxg4 Re6 41. Ra7 Kb6 42. Rd7 e4 43. Kf5 Bc4 44. Rd4 Kc5 45. Rxe4 Rh6 46. Kg5 Rh8 47. h6 Bd3 48.
Rf4 Rg8+ 49. Kh5 Rxg2 50. Kh4 Rh2+ 51. Kg5 Bc4 52. Rf5+ Kb4 53. Rf4 Kb3 54. Kg6 Bd3+ 55. Kf6 Bc2 56. Kg7 Ka3 57. Rc4 Bb1 58. Rd4 Rh3 59.
Rf4 Rg3+ 60. Kf7 Kb3 61. Rh4 Rf3+ 62. Kg7 Rc3 63. Rh5 Kb4 64. Rb5+ Kxa4 65. Rxb1 Rg3+ 66. Kf7 Rh3 67. Kg7 Rg3+ 68. Kh8 Ka3 69. h7 a4 70. Re1 Kb2 71. Re2+ Kb1 72. Re1+ Kb2 73. Re7 a3 74. Rg7 Rh3 75. Rg2+ Kb1 76. Rg1+ Kb2 77. Kg8 Rxh7 78. Rg2+ Kb1 79. Kxh7 a2 80. Kh6 a1=Q 81. Rg1+ Ka2 82.
Rxa1+ Kxa1 1/2-1/2

[Event "*** Titled Tuesday 3|2 Blitz"]
[Site "Chess.com"]
[Date "2015.10.06"]
[Round "6"]
[White "Imre91"]
[Black "AnthonyWirig"]
[Result "0-1"]
[WhiteElo "2578"]
[BlackElo "2561"]
[TimeControl "180+2"]
[EndTime "12:18:44 PDT"]
[Termination "AnthonyWirig won by resignation"]

1. d4 Nf6 2. Nf3 e6 3. g3 b6 4. Bg2 Bb7 5. c4 Bb4+ 6. Bd2 c5 7. O-O Bxd2 8. Qxd2 cxd4 9. Qxd4 O-O 10. Nc3 Nc6 11.
Qd6 Na5 12. b3 Qb8 13. Rfd1 Bc6 14. Qxb8 Raxb8 15. Rd2 b5 16. cxb5 Bxb5 17. e4 Bc6 18. Nd4 Rfc8 19. Re1 Kf8 20. h3 Ke7 21. Nd5+ Bxd5 22.
exd5 g6 23. Rde2 Rb6 24. Re5 Nb7 25. g4 h6 26. f4 Kf8 27. dxe6 dxe6 28. f5 exf5 29.
gxf5 g5 30. Re7 Nd6 31. Rxa7 Rc5 32. Ra8+ Kg7 33. Rf1 Rb4 34. Nf3 Nxf5 35. Ra7 Ne3 36. Re1 Nxg2 37. Kxg2 Rc2+ 38. Kg1 Rf4 39. Ne5 Nd5 40.
Rf1 Rxf1+ 41. Kxf1 Ne3+ 42. Kg1 Rg2+ 43. Kh1 Rf2 44. a4 h5 45. Kg1 Rg2+ 46. Kh1 Rf2 47. Ra5 Kf6 48. Nd7+ Kg6 49. Nf8+ Kg7 50. Nd7 f6 51. Rc5 g4 52. hxg4 hxg4 53. Rc3 Re2 54. Nc5 g3 55. Ne6+ Kf7 56. Nd8+ Ke8 57. Rc1 Rh2+ 58.
Kg1 Rg2+ 59. Kh1 Rh2+ 60. Kg1 Kxd8 61. a5 Rg2+ 62. Kh1 Ra2 63. Re1 Ng4 64. b4 Ne5 65. Re3 g2+ 66. Kg1 Ke7 67. Rg3 Ra4 68. Rb3 Nc6 69. b5 Nxa5 70. Re3+ Kd6 71. Rf3 Ke5 72.
Re3+ Re4 73. Rc3 Rb4 74. Rc5+ Kd6 75. Rf5 Ke6 76. Rc5 Nc4 77. Kxg2 Nd6 78. Kf3 Rxb5 79. Rc1 Rf5+ 80. Kg4 Re5 81. Kf4 Re2 82. Kf3 Ra2 83. Kf4 Ra4+ 84. Kf3 Nf7 85. Rc6+ Kf5 86. Rb6 Ne5+ 87. Kg3 Kg5 88. Rb8 Ra3+ 89. Kf2 Ng4+ 90. Ke2 f5 91. Rb4 Nf6 92. Rb8 Ne4 93. Rh8 Kf4 94. Rh4+ Kg5 95. Rh8 Rb3 96. Rh7 Ng3+ 97. Kf2 Ne4+ 98. Ke2 Nf6 99. Rh8 Kf4 100. Rh1 Rb2+ 101. Kd3 Rf2 102. Rh8 Ng4 103. Rg8 Kg3 104. Rg7 f4 0-1

[Event "*** Titled Tuesday 3|2 Blitz"]
[Site "Chess.com"]
[Date "2015.10.06"]
[Round "6"]
[White "Mornar1951"]
[Black "lorcho"]
[Result "0-1"]
[WhiteElo "2618"]
[BlackElo "2591"]
[TimeControl "180+2"]
[EndTime "12:18:57 PDT"]
[Termination "lorcho won by resignation"]

1. Nf3 d5 2. d4 e6 3. c4 c5 4. cxd5 exd5 5. g3 Nc6 6. Bg2 Nf6 7. O-O Be7 8. Nc3 O-O 9. Bf4 Bf5 10. Rc1 Re8 11.
dxc5 Bxc5 12. Nxd5 Bxf2+ 13. Rxf2 Nxd5 14. Bg5 f6 15. Nd4 Be4 16. Nxc6 bxc6 17. Bxe4 Rxe4 18. Qc2 Qe8 19. Bd2 Rc8 20. Qd3 Kh8 21. Rc4 Rxc4 22.
Qxc4 Qe5 23. e4 Nb6 24. Qc2 h6 25. Bc3 Qe6 26. b3 Re8 27. Re2 Nd7 28. Bd4 c5 29. Bxc5 Rc8 30. b4 a5 31. a3 axb4 32. axb4 Qe5 33.
Qb2 Qh5 34. Bd4 Qb5 35. e5 fxe5 36. Bxe5 Nxe5 37. Rxe5 Qb6+ 38. Kg2 Qb7+ 39. Kh3 Qd7+ 40. Kg2 Qc6+ 41. Kh3 Qd7+ 42. Kg2 Qa4 43. Re2 Qc6+ 44. Kg1 Qb6+ 45. Rf2 Re8 46. Qd2 Qc6 47. h4 Ra8 48. Kh2 Qe4 49. Qf4 Qb1 50. Re2 Rc8 51. Qe4 Qb3 52.
Qg4 Rf8 53. h5 Qd5 54. Rg2 Rf5 55. Kg1 Rxh5 56. Qc8+ Kh7 57. Qc2+ Kg8 58. Qc8+ Kh7 59. Qc2+ Kh8 60. Qc8+ Qg8 61. Qxg8+ Kxg8 62. Rb2 Rb5 63. Kf2 Kf7 64. Ke3 Ke6 65. Kd4 Kd6 66. Kc4 Rg5 67. Rb3 Kc6 68. Kd4 Kb5 69. Ke4 Rg4+ 70. Kf5 h5 71. Rb1 Rxg3 72. Rh1 g6+ 73. Kf4 Rg4+ 74. Kf3 Kxb4 75. Rc1 Kb5 76. Rc8 Rc4 77. Rg8 Rg4 78. Rc8 Kb6 79. Rc1 Rg5 80. Kf4 Rf5+ 81. Ke4 Rg5 82.
Kf4 Rg4+ 83. Kf3 Kb7 84. Rc2 Rg1 85. Kf4 g5+ 86. Kf5 h4 87. Rc3 Rg3 88. Rc2 h3 89. Rh2 g4 90. Kf4 Rg2 91. Rh1 Kc6 92. Rd1 Kc5 93. Ke4 h2 94. Rh1 g3 95. Kf3 Rg1 0-1

[Event "*** Titled Tuesday 3|2 Blitz"]
[Site "Chess.com"]
[Date "2015.10.06"]
[Round "6"]
[White "kesarev"]
[Black "silverback96"]
[Result "1-0"]
[WhiteElo "2193"]
[BlackElo "1902"]
[TimeControl "180+2"]
[EndTime "12:20:18 PDT"]
[Termination "kesarev won on time"]

1. Nf3 c5 2. c4 Nc6 3. g3 e5 4.
Nc3 g6 5. d3 Bg7 6. Bg2 Nge7 7.
O-O d6 8. Rb1 O-O 9. a3 a5 10.
Ne1 Be6 11. Bg5 f6 12. Be3 f5 13. f4 b6 14. Nd5 Bxd5 15. cxd5 Nd4 16. Bd2 a4 17.
Bc3 b5 18. e3 Nb3 19. Nc2 Qb6 20.
Kh1 Kh8 21. g4 fxg4 22. Qxg4 Nf5 23. Be4 exf4 24. Rxf4 Bxc3 25. bxc3 Nd2 26. Rd1 Nxe4 27. dxe4 Ng7 28. Rdf1 Rxf4 29. exf4 Re8 30. e5 Qb7 31. Ne3 Nf5 32. Nxf5 Qxd5+ 33. Qg2 Qxg2+ 34. Kxg2 gxf5 35. exd6 Rd8 36. Rd1 Kg7 37. Rd5 Kf6 38.
Kf2 Ke6 39. Rxc5 Rxd6 40. Re5+ Kf6 41. Rxb5 Rd2+ 42. Ke3 Ra2 43. c4 Rxa3+ 44. Kd4 Ra1 45. Rb6+ Ke7 46. Ke5 a3 47. Rb7+ Kd8 48. Ra7 a2 49. Kxf5 Kc8 50. Kf6 Kb8 51. Ra4 Kc7 52. f5 Kc6 53. Ra5 Kb6 54. Ra4 h5 55. h4 Kc5 56. Kf7 Kd4 57. f6 Kc5 58. Kf8 Kc6 59.
f7 Kb6 60. Ra3 Kc6 61. Kg8 Rg1+ 62. Kh7 Rf1 63. Kg7 Rg1+ 64. Kh6 Rf1 65. Rxa2 Rxf7 66. Kxh5 Rg7 67. Kh6 Rg1 68. h5 Kc5 69. Rc2 Rg8 70. Kh7 Rg1 71. h6 Rg3 72. Kh8 Rg1 73.
h7 Rg3 74. Rc1 Rg2 75. Rf1 Kxc4 76. Rf7 Kd5 77. Rg7 Ra2 78. Kg8 Ra8+ 79. Kf7 Ra7+ 80. Kg6 Ra6+ 81. Kf5 1-0

[Event "*** Titled Tuesday 3|2 Blitz"]
[Site "Chess.com"]
[Date "2015.10.06"]
[Round "7"]
[White "Nutflush"]
[Black "dpopadic"]
[Result "0-1"]
[WhiteElo "1940"]
[BlackElo "2218"]
[TimeControl "180+2"]
[EndTime "12:22:57 PDT"]
[Termination "dpopadic won by resignation"]

1. e4 c5 2. c3 d5 3. exd5 Qxd5 4. d4 Nf6 5. Nf3 Bg4 6. Nbd2 e6 7. Bc4 Qd8 8. Qb3 Bxf3 9. Nxf3 Qc8 10. O-O Be7 11. Bf4 O-O 12. Rad1 Nc6 13. dxc5 Na5 14. Qa4 Nxc4 15. Qxc4 Bxc5 16. Be5 Bxf2+ 0-1

[Event "*** Titled Tuesday 3|2 Blitz"]
[Site "Chess.com"]
[Date "2015.10.06"]
[Round "7"]
[White "Rating-Schmating"]
[Black "rikyshi"]
[Result "0-1"]
[WhiteElo "1968"]
[BlackElo "2130"]
[TimeControl "180+2"]
[EndTime "12:24:16 PDT"]
[Termination "rikyshi won by resignation"]

1. e4 e6 2. d4 d5 3. e5 c5 4. Nf3 cxd4 5. Bd3 Nc6 6. a3 Qc7 7. Qe2 Nge7 8. O-O Ng6 9. Re1 Be7 10. Nbd2 Nf4 11. Qf1 Nxd3 12. Qxd3 Bd7 13. Nf1 Rc8 14. Bd2 O-O 15. Ng3 f6 16. Bf4 fxe5 17. Bxe5 Nxe5 18.
Nxe5 Bd6 19. Nxd7 Qxd7 20. Qxd4 Bc5 21. Qe5 Bxf2+ 22. Kh1 Bxe1 23. Rxe1 Rxc2 24. Nh5 Rf5 25. Qb8+ Rc8 26. Qg3 Rxh5 0-1

[Event "*** Titled Tuesday 3|2 Blitz"]
[Site "Chess.com"]
[Date "2015.10.06"]
[Round "7"]
[White "Chesster_30"]
[Black "Boryboy"]
[Result "0-1"]
[WhiteElo "1835"]
[BlackElo "2473"]
[TimeControl "180+2"]
[EndTime "12:24:38 PDT"]
[Termination "Boryboy won by resignation"]

1. e4 c5 2. Nf3 d6 3. Bb5+ Nc6 4.
O-O Bd7 5. Re1 Nf6 6. c3 a6 7.
Bf1 e5 8. h3 g5 9. d4 g4 10.
hxg4 Bxg4 11. d5 Ne7 12. Bg5 Ng6 13. Nbd2 h6 14. Bxf6 Qxf6 15. g3 Rg8 16. Bg2 h5 17. Qa4+ b5 18. Qa5 h4 19. Qc7 Bd7 20. Nxh4 Nxh4 21. gxh4 Qg6 22. Kf1 Qxg2+ 23. Ke2 Qg4+ 24. Kd3 Qh3+ 25. Re3 Qxh4 26. Qb7 Qd8 27. a4 bxa4 28. Nc4 Bb5 29. Rf3 Be7 30. Rh1 Qb8 31. Qxb8+ Rxb8 32. Rh7 Rf8 0-1

[Event "*** Titled Tuesday 3|2 Blitz"]
[Site "Chess.com"]
[Date "2015.10.06"]
[Round "7"]
[White "ruifeng"]
[Black "ilmago"]
[Result "1-0"]
[WhiteElo "2117"]
[BlackElo "1837"]
[TimeControl "180+2"]
[EndTime "12:25:10 PDT"]
[Termination "ruifeng won by resignation"]

1. e4 c5 2. Nc3 Nf6 3. g3 d6 4.
Bg2 g6 5. d3 Bg7 6. Be3 O-O 7.
h3 Nc6 8. Nge2 Be6 9. Qd2 Rb8 10. O-O b5 11. Bh6 b4 12. Nd1 Nd4 13. Bxg7 Kxg7 14. Nf4 Qc7 15. c3 Nc6 16. Ne3 bxc3 17. bxc3 Rb6 18.
d4 cxd4 19. cxd4 Rfb8 20. d5 Rb2 21. Qc3 1-0

[Event "*** Titled Tuesday 3|2 Blitz"]
[Site "Chess.com"]
[Date "2015.10.06"]
[Round "7"]
[White "Makalexa"]
[Black "talaicito"]
[Result "1-0"]
[WhiteElo "1891"]
[BlackElo "1946"]
[TimeControl "180+2"]
[EndTime "12:26:06 PDT"]
[Termination "Makalexa won by resignation"]

1. e4 e6 2. d4 d5 3. exd5 exd5 4.
Nf3 Bd6 5. c4 c6 6. Nc3 Ne7 7.
Bd3 Bg4 8. c5 Bc7 9. h3 Be6 10.
O-O h6 11. Ne5 Bxe5 12. dxe5 Nd7 13. f4 Nxc5 14. f5 Bc8 15. f6 gxf6 16. exf6 Ng8 17. Qe2+ Be6 18. Be3 Nxd3 19. Qxd3 Qd7 20. Rae1 O-O-O 21. Bxa7 h5 22. Nb5 Nh6 23. Qg3 1-0

[Event "*** Titled Tuesday 3|2 Blitz"]
[Site "Chess.com"]
[Date "2015.10.06"]
[Round "7"]
[White "AndreyOstrovskiy"]
[Black "stefanodinn"]
[Result "0-1"]
[WhiteElo "2354"]
[BlackElo "2136"]
[TimeControl "180+2"]
[EndTime "12:26:40 PDT"]
[Termination "stefanodinn won on time"]

1. e4 c5 2. Nf3 d6 3. d4 cxd4 4.
Nxd4 Nf6 5. Nc3 a6 6. Bc4 e6 7. a4 Be7 8. O-O O-O 9. Be3 d5 10. exd5 exd5 11. Bb3 Nc6 12. f3 Re8 13. Kh1 Bb4 14.
Bg5 Bxc3 15. bxc3 Be6 16. a5 h6 17. Bh4 Rc8 18. Nxc6 bxc6 0-1

[Event "*** Titled Tuesday 3|2 Blitz"]
[Site "Chess.com"]
[Date "2015.10.06"]
[Round "7"]
[White "Er_is_geen_hoop_meer"]
[Black "chessloveyou"]
[Result "1-0"]
[WhiteElo "2359"]
[BlackElo "2162"]
[TimeControl "180+2"]
[EndTime "12:26:43 PDT"]
[Termination "Er_is_geen_hoop_meer won by checkmate"]

1. g3 Nf6 2. Bg2 g6 3. Nf3 Bg7 4. O-O O-O 5. c4 d6 6. d4 Nbd7 7. Nc3 e5 8. Re1 c6 9. e4 Qc7 10. d5 a5 11. Bg5 Nc5 12. Qc2 h6 13. Be3 Ncd7 14. Rac1 Ng4 15. Bd2 f5 16. h3 Ngf6 17. exf5 gxf5 18. Nh4 Nc5 19. a3 a4 20. Be3 Nb3 21.
Rcd1 e4 22. g4 fxg4 23. Nxe4 Nxe4 24. Bxe4 Bf6 25. Ng6 gxh3 26. Bxh6 Bg7 27. Bxg7 Qxg7 28. Kh2 Rf6 29. Rg1 Kf7 30. Ne5+ dxe5 31. Rxg7+ Kxg7 32. Rg1+ Kf7 33. dxc6 bxc6 34. Bxc6 Rxc6 35. Qh7+ Ke8 36. Rg8# 1-0

[Event "*** Titled Tuesday 3|2 Blitz"]
[Site "Chess.com"]
[Date "2015.10.06"]
[Round "7"]
[White "pedromartinez91"]
[Black "jefferyx"]
[Result "0-1"]
[WhiteElo "2218"]
[BlackElo "2528"]
[TimeControl "180+2"]
[EndTime "12:26:50 PDT"]
[Termination "jefferyx won by resignation"]

1. e4 a6 2. a4 c5 3. Nf3 d6 4. d4 cxd4 5. Nxd4 Nf6 6. Nc3 e5 7. Nb3 Be7 8. Be2 Be6 9. O-O O-O 10. Bf3 Nbd7 11. Re1 Qb8 12. Nd2 Bd8 13. Nf1 Ba5 14.
Bd2 b5 15. axb5 axb5 16. b4 Bxb4 17. Rxa8 Qxa8 18. Nxb5 Bc5 19. Be3 Rd8 20. Nxd6 Bxe3 21. Rxe3 Nc5 22. Re2 Nfxe4 23. Ng3 Rxd6 24. Qxd6 Qa1+ 0-1

[Event "*** Titled Tuesday 3|2 Blitz"]
[Site "Chess.com"]
[Date "2015.10.06"]
[Round "7"]
[White "FMCouch"]
[Black "bugsbunny444"]
[Result "0-1"]
[WhiteElo "2035"]
[BlackElo "2291"]
[TimeControl "180+2"]
[EndTime "12:26:51 PDT"]
[Termination "bugsbunny444 won by resignation"]

1. e4 e6 2. Nf3 d5 3. Nc3 Nf6 4. e5 Nfd7 5. d4 c5 6. dxc5 Nc6 7. Bf4 Bxc5 8. Bd3 f6 9. exf6 Qxf6 10. Qd2 O-O 11.
Bg5 Qf7 12. Bh4 h6 13. Bg3 Kh8 14. O-O-O e5 15. Bb5 e4 16. Bxc6 bxc6 17. Nd4 Qf6 18. Nb3 Bxf2 19. Rhf1 e3 20. Qe2 Ne5 21. Bxf2 exf2 22.
Nc5 Bg4 0-1

[Event "*** Titled Tuesday 3|2 Blitz"]
[Site "Chess.com"]
[Date "2015.10.06"]
[Round "7"]
[White "JustKid"]
[Black "dretch"]
[Result "0-1"]
[WhiteElo "2130"]
[BlackElo "2527"]
[TimeControl "180+2"]
[EndTime "12:27:04 PDT"]
[Termination "dretch won by resignation"]

1. d4 d5 2. c4 c6 3. cxd5 cxd5 4. Bf4 Nc6 5. e3 Nf6 6. Nc3 Bf5 7. Qb3 Na5 8. Qa4+ Bd7 9. Qc2 e6 10. Bd3 Nc6 11.
a3 Nh5 12. Bg3 Rc8 13. Nf3 Be7 14. O-O Nxg3 15. hxg3 g6 16. Rfc1 O-O 17. b4 a5 18.
b5 Nb8 19. Qb3 Be8 20. Ne5 Nd7 21. Nxd7 Bxd7 22. Na4 Rxc1+ 23. Rxc1 b6 24. Qc3 Bd6 25. e4 dxe4 26. Bxe4 Bxb5 27. Bc6 Bxc6 28. Qxc6 Bxa3 29. Rd1 Qe8 30. d5 exd5 31. Qxe8 Rxe8 32. Nxb6 Bc5 33. Nxd5 Re2 34. Rf1 Rc2 35. Ne3 Rc3 36. Ra1 Ra3 37. Rxa3 Bxa3 38. Nc4 Bb4 39. Nb6 Kf8 40. Kf1 Ke7 41.
Ke2 Bc5 42. Na4 Bd4 43. f3 Kd6 44. Kd3 Kd5 45. g4 h6 46. f4 f5 47. gxf5 gxf5 48. Ke2 Kc4 0-1

[Event "*** Titled Tuesday 3|2 Blitz"]
[Site "Chess.com"]
[Date "2015.10.06"]
[Round "7"]
[White "metalbattler"]
[Black "PowerThinking2650"]
[Result "0-1"]
[WhiteElo "1949"]
[BlackElo "2086"]
[TimeControl "180+2"]
[EndTime "12:27:09 PDT"]
[Termination "PowerThinking2650 won by checkmate"]

1. e4 e5 2. Nf3 Nc6 3. d4 exd4 4. Bc4 Nf6 5. e5 d5 6. Bb5 Ne4 7. Nxd4 Bd7 8. Bxc6 bxc6 9. O-O Bc5 10. f3 Ng5 11. f4 Ne4 12. Be3 Bb6 13. Nd2 Nxd2 14. Qxd2 O-O 15. Nb3 Qe7 16. Qc3 f6 17. Nc5 fxe5 18.
fxe5 Bf5 19. b4 a5 20. a3 axb4 21. axb4 Bg6 22. Bd4 h6 23. Qd2 Kh7 24. c3 Rxa1 25. Rxa1 Qh4 26. Nb3 Rf5 27. Re1 Rh5 28. g3 Rg5 29. e6 Be4 30. e7 Rxg3+ 31. hxg3 Qh1+ 32. Kf2 Qg2+ 33. Ke3 Qf3# 0-1

[Event "*** Titled Tuesday 3|2 Blitz"]
[Site "Chess.com"]
[Date "2015.10.06"]
[Round "7"]
[White "Ginger_GM"]
[Black "Dlugy"]
[Result "0-1"]
[WhiteElo "2452"]
[BlackElo "2557"]
[TimeControl "180+2"]
[EndTime "12:27:32 PDT"]
[Termination "Dlugy won by resignation"]

1. d4 Nf6 2. c4 g6 3. Nc3 Bg7 4. e4 d6 5. Be2 O-O 6. Be3 e5 7.
d5 Nbd7 8. g4 Nc5 9. f3 a5 10. Qd2 Nfd7 11. O-O-O a4 12. Nh3 Nb6 13. Nf2 f5 14. gxf5 gxf5 15. Bg5 Qe8 16. Rhg1 Kh8 17. Bh6 Bxh6 18. Qxh6 Qe7 19. Rg6 Bd7 20. Rdg1 Rg8 21.
Nd3 Nxd3+ 22. Bxd3 f4 23. h4 Rxg6 24. Rxg6 Qf8 25. Qxf8+ Rxf8 26. Rg5 Rg8 27. Rxg8+ Kxg8 28. b4 axb3 29. axb3 Kg7 30. b4 Na4 31. Nxa4 Bxa4 32.
c5 Kh6 33. b5 b6 34. c6 0-1

[Event "*** Titled Tuesday 3|2 Blitz"]
[Site "Chess.com"]
[Date "2015.10.06"]
[Round "7"]
[White "Moltini"]
[Black "BIG_Pirate"]
[Result "0-1"]
[WhiteElo "2160"]
[BlackElo "2278"]
[TimeControl "180+2"]
[EndTime "12:27:46 PDT"]
[Termination "BIG_Pirate won by resignation"]

1. d4 Nf6 2. c4 e6 3. Nf3 b6 4.
a3 d5 5. Nc3 Be7 6. Bg5 dxc4 7.
e3 Bb7 8. Bxc4 O-O 9. O-O a6 10. Rc1 Nbd7 11. Qe2 c5 12. Rfd1 b5 13. Ba2 c4 14. e4 h6 15. Bh4 Nxe4 16. Nxe4 Bxh4 17. Bb1 Be7 18. Ng3 Nf6 19. Ne5 Qd5 20. f3 Rfd8 21.
Ne4 Nd7 22. Nc3 Qd6 23. Qc2 Nf8 24. Ne4 Qb6 25. Qf2 f6 26. Ng4 f5 27. Nxh6+ gxh6 28. Qg3+ Kf7 29. Nf2 Rxd4 30. Qh3 Bg5 31. Rxd4 Qxd4 32. Rd1 Qc5 33. Qh5+ Kg7 34. Kf1 Rd8 35. Re1 Rd2 36. Nh3 Rxb2 37. Qe8 c3 38. Bd3 c2 39. Nxg5 hxg5 40. Qd8 c1=Q 41. Qxg5+ Qxg5 0-1